TOP OF THE 1ST |
Seattle Mariners batting - Pitching for Los Angeles Angels : LHP Tyler Anderson
|
Pitching: LHP Tyler Anderson
|
|
Batting: LHB Ben Revere
|
0-0: Swinging Strike 0-1: Swinging Strike 0-2: Foul Ball, location: 2F 0-2: Strikes out swinging
|
Batting: LHB Drew Robinson
|
0-0: Ground out 5-3 (Groundball, 6)
|
Batting: RHB Manny Machado
|
0-0: Ball 1-0: Foul Ball, location: 2F 1-1: Called Strike 1-2: Ball 2-2: Strikes out looking
|
Top of the 1st over - 0 runs, 0 hits, 0 errors, 0 left on base; Seattle 0 - Los Angeles 0 |
BOTTOM OF THE 1ST |
Los Angeles Angels batting - Pitching for Seattle Mariners : RHP Dylan Bundy
|
Pitching: RHP Dylan Bundy
|
|
Batting: RHB Kevin Pillar
|
0-0: Fly out, F7 (Flyball, 78M)
|
Batting: LHB Kevin Kiermaier
|
0-0: Called Strike 0-1: Ball 1-1: Ball 2-1: Foul Ball, location: 2F 2-2: SOLO HOME RUN (Flyball, 89XD), Distance : 388 ft
|
Batting: RHB Trevor Story
|
0-0: Ball 1-0: Foul Ball, location: 2F 1-1: Ball 2-1: SINGLE (Groundball, 56D)
|
Batting: RHB Wil Myers
|
0-0: Foul Ball, location: 2F 0-1: Ball 1-1: Ball 2-1: Called Strike 2-2: Strikes out swinging
|
Batting: LHB Jason Kipnis
|
0-0: Called Strike 0-1: Ball Wild Pitch! Trevor Story to second 1-1: Swinging Strike 1-2: Ground out 1-3 (Groundball, 23)
|
Bottom of the 1st over - 1 run, 2 hits, 0 errors, 1 left on base; Seattle 0 - Los Angeles 1 |
TOP OF THE 2ND |
Seattle Mariners batting - Pitching for Los Angeles Angels : LHP Tyler Anderson
|
Batting: RHB Kris Bryant
|
0-0: Ground out 6-3 (Groundball, 6)
|
Batting: RHB Yoenis Cespedes
|
0-0: Ball 1-0: Called Strike 1-1: Ball 2-1: Ball 3-1: Base on Balls
|
Batting: RHB Matt Kemp
|
0-0: 2-RUN HOME RUN (Flyball, 89XD), Distance : 388 ft
|
Batting: RHB Christian Villanueva
|
0-0: Called Strike 0-1: Called Strike 0-2: Fly out, F7 (Flyball, 78D)
|
Batting: RHB Tyler O'Neill
|
0-0: Ball 1-0: Foul Ball, location: 2F 1-1: Ball 2-1: Ground out 5-3 (Groundball, 5)
|
Top of the 2nd over - 2 runs, 1 hit, 0 errors, 0 left on base; Seattle 2 - Los Angeles 1 |
BOTTOM OF THE 2ND |
Los Angeles Angels batting - Pitching for Seattle Mariners : RHP Dylan Bundy
|
Batting: LHB Chase Utley
|
0-0: Called Strike 0-1: Ball 1-1: Ball 2-1: Foul Ball, location: 2F 2-2: Ball 3-2: Ground out 4-3 (Groundball, 4)
|
Batting: RHB Evan Longoria
|
0-0: Fly out, F3 (Popup, 34S)
|
Batting: RHB Wilmer Flores
|
0-0: Called Strike 0-1: Ball 1-1: Called Strike 1-2: Foul Ball, location: 2F 1-2: DOUBLE (Groundball, 3L)
|
Batting: RHB Mike Zunino
|
0-0: Called Strike 0-1: Ground out U3 (Groundball, 34)
|
Bottom of the 2nd over - 0 runs, 1 hit, 0 errors, 1 left on base; Seattle 2 - Los Angeles 1 |
TOP OF THE 3RD |
Seattle Mariners batting - Pitching for Los Angeles Angels : LHP Tyler Anderson
|
Batting: RHB Caleb Joseph
|
0-0: Ball 1-0: Ball 2-0: Called Strike 2-1: Fly out, F4 (Popup, 13)
|
Pitching: LHP Jose Alvarez
|
|
Batting: LHB Ben Revere
|
0-0: Ball 1-0: Ball 2-0: Ground out 1-3 (Groundball, 13)
|
Batting: LHB Drew Robinson
|
0-0: Ground out 5-3 (Groundball, 6)
|
Top of the 3rd over - 0 runs, 0 hits, 0 errors, 0 left on base; Seattle 2 - Los Angeles 1 |
BOTTOM OF THE 3RD |
Los Angeles Angels batting - Pitching for Seattle Mariners : RHP Dylan Bundy
|
Batting: RHB Kevin Pillar
|
0-0: Ball 1-0: Foul Ball, location: 2F 1-1: Ground out 3-1 (Groundball, 34S)
|
Batting: LHB Kevin Kiermaier
|
0-0: Called Strike 0-1: Ball 1-1: Swinging Strike 1-2: Foul Ball, location: 2F 1-2: Foul Ball, location: 2F 1-2: Strikes out looking
|
Batting: RHB Trevor Story
|
0-0: Called Strike 0-1: Ball 1-1: Called Strike 1-2: Foul Ball, location: 2F 1-2: Ball 2-2: Ball 3-2: Strikes out looking
|
Bottom of the 3rd over - 0 runs, 0 hits, 0 errors, 0 left on base; Seattle 2 - Los Angeles 1 |
TOP OF THE 4TH |
Seattle Mariners batting - Pitching for Los Angeles Angels : LHP Jose Alvarez
|
Batting: RHB Manny Machado
|
0-0: Ball 1-0: Ground out 1-3 (Groundball, 34S)
|
Batting: RHB Kris Bryant
|
0-0: Ball 1-0: Swinging Strike 1-1: Foul Ball, location: 2F 1-2: Ball 2-2: Strikes out swinging
|
Batting: RHB Yoenis Cespedes
|
0-0: Swinging Strike 0-1: Foul Ball, location: 2F 0-2: Ball 1-2: Ball 2-2: Strikes out swinging
|
Top of the 4th over - 0 runs, 0 hits, 0 errors, 0 left on base; Seattle 2 - Los Angeles 1 |
BOTTOM OF THE 4TH |
Los Angeles Angels batting - Pitching for Seattle Mariners : RHP Dylan Bundy
|
Batting: RHB Wil Myers
|
0-0: Fly out, F8 (Flyball, 8LS)
|
Batting: LHB Jason Kipnis
|
0-0: Ball 1-0: Called Strike 1-1: Fly out, F8 (Flyball, 8RD)
|
Batting: LHB Chase Utley
|
0-0: Ball 1-0: Called Strike 1-1: Fly out, F9 (Line Drive, 9)
|
Bottom of the 4th over - 0 runs, 0 hits, 0 errors, 0 left on base; Seattle 2 - Los Angeles 1 |
TOP OF THE 5TH |
Seattle Mariners batting - Pitching for Los Angeles Angels : LHP Jose Alvarez
|
Batting: RHB Matt Kemp
|
0-0: Ground out 6-3 (Groundball, 6)
|
Batting: RHB Christian Villanueva
|
0-0: Ball 1-0: Called Strike 1-1: Called Strike 1-2: Ball 2-2: Strikes out swinging
|
Batting: RHB Tyler O'Neill
|
0-0: Called Strike 0-1: Called Strike 0-2: Ball 1-2: Ball 2-2: Ball 3-2: SINGLE (Groundball, 6MD)
|
Batting: RHB Caleb Joseph
|
0-0: Called Strike 0-1: Foul Ball, location: 2F 0-2: Ball 1-2: Strikes out swinging
|
Top of the 5th over - 0 runs, 1 hit, 0 errors, 1 left on base; Seattle 2 - Los Angeles 1 |
BOTTOM OF THE 5TH |
Los Angeles Angels batting - Pitching for Seattle Mariners : RHP Dylan Bundy
|
Batting: RHB Evan Longoria
|
0-0: Ball 1-0: Called Strike 1-1: Ball 2-1: DOUBLE (Flyball, 78XD)
|
Batting: RHB Wilmer Flores
|
0-0: Ball 1-0: Foul Ball, location: 2F 1-1: Called Strike 1-2: Ball 2-2: SINGLE (Line Drive, 56D) Evan Longoria to third
|
Batting: RHB Mike Zunino
|
0-0: Called Strike 0-1: Swinging Strike 0-2: Ball 1-2: Foul Ball, location: 2F 1-2: Ball 2-2: Fly out, F8 (Flyball, 8RM) Runner from 3rd tags up, SCORES, throw by CF
|
Batting: RHB Kevin Pillar
|
0-0: Ball 1-0: Ball 2-0: Called Strike 2-1: SINGLE (Line Drive, 8LS) Wilmer Flores to second Wilmer Flores to third
|
Batting: LHB Kevin Kiermaier
|
0-0: Called Strike 0-1: Fly out, F8 (Flyball, 8LXD) Runner from 3rd tags up, SCORES, no throw by CF
|
Batting: RHB Trevor Story
|
0-0: Ball Kevin Pillar is caught stealing 2nd base 2-4
|
Bottom of the 5th over - 2 runs, 3 hits, 0 errors, 0 left on base; Seattle 2 - Los Angeles 3 |
TOP OF THE 6TH |
Seattle Mariners batting - Pitching for Los Angeles Angels : LHP Jose Alvarez
|
Batting: LHB Ben Revere
|
0-0: Ball 1-0: Ball 2-0: Ball 3-0: Foul Ball, location: 2F 3-1: Foul Ball, location: 2F 3-2: SINGLE (Groundball, 6M) (infield hit)
|
Pitching: RHP Sam Tuivailala
|
|
Batting: LHB Drew Robinson
|
0-0: Ball 1-0: Called Strike 1-1: Ball 2-1: Swinging Strike 2-2: Foul Ball, location: 2F 2-2: Strikes out swinging
|
Batting: RHB Manny Machado
|
0-0: Ball 1-0: Ball 2-0: Ball 3-0: Base on Balls Ben Revere to second
|
Batting: RHB Kris Bryant
|
0-0: Ball 1-0: Swinging Strike 1-1: Ball Ben Revere steals 3rd base 2-1: Ball 3-1: Foul Ball, location: 2F 3-2: Grounds into double play, 6-4-3 (Groundball, 6)
|
Top of the 6th over - 0 runs, 1 hit, 0 errors, 1 left on base; Seattle 2 - Los Angeles 3 |
BOTTOM OF THE 6TH |
Los Angeles Angels batting - Pitching for Seattle Mariners : RHP Dylan Bundy
|
Pitching: RHP Kevin McCarthy
|
|
Batting: RHB Trevor Story
|
0-0: Ball 1-0: Fly out, F7 (Flyball, 7LS)
|
Batting: RHB Wil Myers
|
0-0: Ball 1-0: Swinging Strike 1-1: Ball 2-1: SINGLE (Groundball, 56) (infield hit)
|
Batting: LHB Jason Kipnis
|
0-0: Ball 1-0: Ball 2-0: Fly out, F7 (Flyball, 78M)
|
Batting: LHB Chase Utley
|
0-0: Ball 1-0: Ball 2-0: Ball 3-0: Fly out, F8 (Flyball, 8LS)
|
Bottom of the 6th over - 0 runs, 1 hit, 0 errors, 1 left on base; Seattle 2 - Los Angeles 3 |
TOP OF THE 7TH |
Seattle Mariners batting - Pitching for Los Angeles Angels : RHP Sam Tuivailala
|
Pitching: RHP Sam Dyson
|
|
Batting: RHB Yoenis Cespedes
|
0-0: DOUBLE (Groundball, 5L)
|
Batting: RHB Matt Kemp
|
0-0: Ball 1-0: Called Strike 1-1: Ground out 6-3 (Groundball, 6) Yoenis Cespedes to third
|
Batting: RHB Christian Villanueva
|
0-0: Ball 1-0: Ground out 6-3 (Groundball, 6)
|
Batting: RHB Tyler O'Neill
|
0-0: Ball 1-0: Ball 2-0: Ball 3-0: Ground out 6-3 (Groundball, 6)
|
Top of the 7th over - 0 runs, 1 hit, 0 errors, 1 left on base; Seattle 2 - Los Angeles 3 |
BOTTOM OF THE 7TH |
Los Angeles Angels batting - Pitching for Seattle Mariners : RHP Kevin McCarthy
|
Batting: RHB Evan Longoria
|
0-0: Ball 1-0: Swinging Strike 1-1: Ball 2-1: Foul Ball, location: 2F 2-2: Foul Ball, location: 2F 2-2: Strikes out swinging
|
Batting: RHB Wilmer Flores
|
0-0: Ball 1-0: Ball 2-0: Called Strike 2-1: Ground out 5-3 (Groundball, 56S)
|
Batting: RHB Mike Zunino
|
0-0: Swinging Strike 0-1: Ball 1-1: SINGLE (Flyball, 9LM)
|
Batting: RHB Kevin Pillar
|
0-0: Swinging Strike 0-1: Swinging Strike 0-2: Ball 1-2: SINGLE (Line Drive, 5D) Mike Zunino to second
|
Batting: LHB Kevin Kiermaier
|
0-0: Called Strike 0-1: Ball 1-1: Fly out, F8 (Flyball, 8RD)
|
Bottom of the 7th over - 0 runs, 2 hits, 0 errors, 2 left on base; Seattle 2 - Los Angeles 3 |
TOP OF THE 8TH |
Seattle Mariners batting - Pitching for Los Angeles Angels : RHP Sam Dyson
|
Pitching: RHP Chaz Roe
|
|
Batting: RHB Caleb Joseph
|
0-0: Ball 1-0: Called Strike 1-1: Swinging Strike 1-2: Foul Ball, location: 2F 1-2: Foul Ball, location: 2F 1-2: Strikes out looking
|
Batting: LHB Ben Revere
|
0-0: Called Strike 0-1: Fly out, F8 (Line Drive, 8RM)
|
Batting: LHB Drew Robinson
|
0-0: Foul Ball, location: 2F 0-1: Foul Ball, location: 2F 0-2: Strikes out looking
|
Top of the 8th over - 0 runs, 0 hits, 0 errors, 0 left on base; Seattle 2 - Los Angeles 3 |
BOTTOM OF THE 8TH |
Los Angeles Angels batting - Pitching for Seattle Mariners : RHP Kevin McCarthy
|
Pitching: RHP Alex Wilson
|
|
Batting: RHB Trevor Story
|
0-0: Ball 1-0: Swinging Strike 1-1: Fly out, F7 (Line Drive, 7)
|
Batting: RHB Wil Myers
|
0-0: Foul Ball, location: 2F 0-1: Foul Ball, location: 2F 0-2: Ball 1-2: SINGLE (Groundball, 56D)
|
Batting: LHB Jason Kipnis
|
0-0: Ball 1-0: Swinging Strike 1-1: Ball Wil Myers steals 2nd base 2-1: Intentional Walk
|
Batting: LHB Chase Utley
|
0-0: Called Strike 0-1: Ball 1-1: Ball 2-1: Foul Ball, location: 2F 2-2: Foul Ball, location: 2F 2-2: Ball 3-2: Grounds into double play, 4-6-3 (Groundball, 4)
|
Bottom of the 8th over - 0 runs, 1 hit, 0 errors, 1 left on base; Seattle 2 - Los Angeles 3 |
TOP OF THE 9TH |
Seattle Mariners batting - Pitching for Los Angeles Angels : RHP Chaz Roe
|
Pitching: RHP Jeurys Familia
|
|
Batting: RHB Manny Machado
|
0-0: Ball 1-0: Called Strike 1-1: Ball 2-1: Ball 3-1: Called Strike 3-2: Foul Ball, location: 2F 3-2: Fly out, F9 (Flyball, 9S)
|
Batting: RHB Kris Bryant
|
0-0: Called Strike 0-1: Ball 1-1: Fly out, F7 (Flyball, 7S)
|
Batting: RHB Yoenis Cespedes
|
0-0: Ball 1-0: Foul Ball, location: 2F 1-1: SINGLE (Groundball, 6MD)
|
Batting: RHB Matt Kemp
|
0-0: Ball 1-0: Ground out 4-3 (Groundball, 4)
|
Top of the 9th over - 0 runs, 1 hit, 0 errors, 1 left on base; Seattle 2 - Los Angeles 3 |
|